 Dungeon Crawl Stone Soup version 0.27-a0-46-g34d46f0a3f (webtiles) character file.

Game seed: 17394886584544785789

139373 Borgoz the Brawler (level 17, -3/152 HPs)
             Began as a Ghoul Gladiator on Jan 6, 2021.
             Was a High Priest of Okawaru.
             Splashed by a goliath frog's acid (4 damage)
             ... called by a spriggan druid
             ... on level 1 of the Swamp.
             The game lasted 00:53:31 (32886 turns).

Borgoz the Brawler (Ghoul Gladiator)               Turns: 32886, Time: 00:53:31

Health: -3/152     AC: 26    Str: 36    XL:     17   Next: 28%
Magic:  21/21      EV: 20    Int:  8    God:    Okawaru [*****.]
Gold:   2257       SH:  0    Dex: 21    Spells: 21/23 levels left

rFire    + . .     SeeInvis .     - Unarmed
rCold    + + .     Faith    .   (no shield)
rNeg     + + +     Spirit   .   A - +5 plate armour "Asyurghe" {+Blink rCorr Str+4 Dex+2}
rPois    ∞         Reflect  .   G - +1 hat {Will+}
rElec    +         Harm     .   y - scarf {rC+ rF+}
rCorr    +         Rampage  .   (no gloves)
Will     ++...                  L - +2 pair of boots {run}
Stlth    ..........             S - amulet of the acrobat
HPRegen  0.00/turn              o - +6 ring of strength
MPRegen  0.17/turn              i - ring of Yghin Fot {*Contam rElec Str+4 Int+5 Dex+6}

@: studying Spellcasting, quick
A: claws 1, cold resistance 1, negative energy resistance 3, inhibited
regeneration, torment resistance, unbreathing
a: Renounce Religion, Evoke Blink, Heroism, Finesse


You were on level 1 of the Swamp.
You worshipped Okawaru.
Okawaru was extremely pleased with you.
You visited 5 branches of the dungeon, and saw 25 of its levels.
You also visited: Sewer, Ossuary, Bailey and Ice Cave.

You collected 2471 gold pieces.
You spent 214 gold pieces at shops.

Inventory:

Armour
 y - a scarf of resistance (worn)
 A - the +5 plate armour "Asyurghe" (worn) {+Blink rCorr Str+4 Dex+2}
   (You found it in an ice cave)

   It affects your strength (+4).
   It affects your dexterity (+2).
   It lets you blink.
   It provides partial protection from all sources of acid and corrosion.
 B - a +2 plate armour of fire resistance
 G - a +1 hat of willpower (worn)
 L - a +2 pair of boots of running (worn)
Jewellery
 i - the ring of Yghin Fot (right claw) {*Contam rElec Str+4 Int+5 Dex+6}
   (You acquired it on level 4 of the Lair of Beasts)

   [ring of dexterity]

   It affects your strength (+4).
   It affects your intelligence (+5).
   It affects your dexterity (+6).
   It insulates you from electricity.
   It causes magical contamination when unequipped.
 j - an uncursed ring of fire
 o - a +6 ring of strength (left claw)
 H - an uncursed ring of ice
 K - an uncursed ring of willpower
 S - an amulet of the acrobat (around neck)
Wands
 c - a wand of flame (107)
 f - a wand of disintegration (24)
 l - a wand of digging (5)
 n - a wand of random effects (19)
 r - a wand of acid (5)
 w - a wand of iceblast (4)
 x - a wand of enslavement (13)
Scrolls
 a - 14 scrolls of remove curse
 d - 6 scrolls of fear
 q - 6 scrolls of teleportation
 z - 4 scrolls of fog
 F - 2 scrolls of identify
 I - 3 scrolls of magic mapping
 J - a scroll of summoning
 M - 2 scrolls of blinking
Potions
 g - 12 potions of curing
 p - 3 potions of haste
 s - a potion of cancellation
 t - a potion of might
 u - 2 potions of flight
 E - 5 potions of ambrosia
Books
 b - a manual of Spellcasting


   Skills:
 + Level 14.0 Fighting
 - Level 1.7 Throwing
 * Level 14.2 Armour
 * Level 14.5 Dodging
 + Level 16.6 Unarmed Combat
 - Level 3.9 Spellcasting
 - Level 5.0 Invocations


You had 21 spell levels left.
You knew the following spells:

 Your Spells              Type           Power        Failure   Level
a - Blink                 Tloc           N/A          89%         2

Your spell library contained the following spells:

 Spells                   Type           Power        Failure   Level
 Apportation              Tloc           2%           78%         1
 Corona                   Hex            1%           78%         1
 Magic Dart               Conj           4%           78%         1
 Summon Small Mammal      Summ           4%           78%         1
 Call Imp                 Summ           1%           89%         2
 Corpse Rot               Necr/Air       N/A          89%         2
 Poisonous Vapours        Pois/Air       2%           89%         2
 Searing Ray              Conj           2%           89%         2
 Slow                     Hex            1%           89%         2
 Call Canine Familiar     Summ           1%           98%         3
 Conjure Flame            Conj/Fire      1%           98%         3
 Dazzling Flash           Conj/Hex       2%           98%         3
 Gell's Gravitas          Tloc           0%           98%         3
 Inner Flame              Hex/Fire       1%           98%         3
 Lesser Beckoning         Tloc           0%           98%         3
 Mephitic Cloud           Conj/Pois/Air  1%           98%         3
 Portal Projectile        Hex/Tloc       2%           98%         3
 Stone Arrow              Conj/Erth      2%           98%         3
 Summon Guardian Golem    Hex/Summ       1%           98%         3
 Teleport Other           Tloc           1%           98%         3
 Cause Fear               Hex            0%           100%        4
 Dispel Undead            Necr           1%           100%        4
 Fulminant Prism          Conj/Hex       0%           100%        4
 Iskenderun's Mystic Bla  Conj/Tloc      1%           100%        4
 Leda's Liquefaction      Hex/Erth       0%           100%        4
 Passage of Golubria      Tloc           N/A          100%        4
 Summon Ice Beast         Ice/Summ       1%           100%        4
 Summon Lightning Spire   Summ/Air       1%           100%        4
 Agony                    Necr           1%           100%        5
 Excruciating Wounds      Necr           0%           100%        5
 Irradiate                Conj/Tmut      0%           100%        5
 Metabolic Englaciation   Hex/Ice        0%           100%        5
 Summon Forest            Summ/Tloc      0%           100%        5
 Dispersal                Tloc           0%           100%        6
 Eringya's Noxious Bog    Tmut/Pois      0%           100%        6
 Freezing Cloud           Conj/Ice/Air   0%           100%        6
 Ozocubu's Refrigeration  Ice            0%           100%        6
 Simulacrum               Ice/Necr       0%           100%        6
 Summon Hydra             Summ           0%           100%        7
 Disjunction              Tloc           0%           100%        8
 Beastly Appendage        Tmut           Unusable     N/A         1
 Sublimation of Blood     Necr           Unusable     N/A         2
 Wereblood                Tmut           Unusable     N/A         2
 Spider Form              Tmut/Pois      Unusable     N/A         3
 Ice Form                 Ice/Tmut       Unusable     N/A         4
 Blade Hands              Tmut           Unusable     N/A         5
 Hydra Form               Tmut           Unusable     N/A         6

Dungeon Overview and Level Annotations

Branches:
Dungeon (15/15)            Temple (1/1) D:4            Lair (6/6) D:11
  Swamp (1/4) Lair:2       Spider (0/4) Lair:3        Slime (0/5) Lair:6
    Orc (2/2) D:11            Elf (0/3) Orc:2        Vaults (0/5) D:14
  Sewer (visited)         Ossuary (visited)          Bailey (visited)
  IceCv (visited)
 Depths: D:15

Altars:
Ashenzari
Cheibriados
Dithmenos
Elyvilon
Fedhas
Gozag
Hepliaklqana
Kikubaaqudgha
Makhleb
Nemelex Xobeh
Okawaru
Qazlal
Ru
Sif Muna
Trog
Uskayaw
Vehumet
Wu Jian
Xom
Yredelemnul
Zin
The Shining One
Beogh

Shops:
Orc:2 ??}(

Portals:
Hell: Lair:6


Innate Abilities, Weirdness & Mutations

You thrive by killing the living.
You are immune to poison.
You have sharp fingernails.
Your flesh is cold resistant. (rC+)
You are immune to negative energy. (rN+++)
You do not regenerate when monsters are visible.
You are immune to unholy pain and torment.
You can survive without breathing.


Message History

* * * LOW HITPOINT WARNING * * *
You scratch the tyrant leech but do no damage.
The tyrant leech is severely wounded.
The goliath frog hits you but does no damage.
You feel much better. The goliath frog barely misses you.
The tyrant leech misses you.
You miss the tyrant leech.
The tyrant leech is severely wounded.
The goliath frog hits you from afar!
* * * LOW HITPOINT WARNING * * *
You are splashed with acid.
You resist.
* * * LOW HITPOINT WARNING * * *
The tyrant leech bites you!
* * * LOW HITPOINT WARNING * * *
You closely miss the tyrant leech.
The tyrant leech is heavily wounded.
The goliath frog hits you from afar!
* * * LOW HITPOINT WARNING * * *
You are splashed with acid.
You resist.
You die...

♣.......≈≈†≈≈
..P♣♣♣.≈.≈≈≈≈
.♣♣♣
♣♣♣♣......≈≈≈
.[..♣♣♣♣♣
♣♣♣♣♣...≈≈.≈.≈≈≈♣
≈.......♣
♣....♣♣♣.≈≈≈≈.≈..
...§..♣.♣ ♣.♣♣♣♣
♣≈≈≈≈≈.♣.♣
..≈.≈.≈.♣ ♣.♣
♣.≈≈≈≈.≈♣♣
≈≈.(....♣♣♣(♣
♣♣≈≈≈≈.≈♣
.≈≈.≈.≈≈.♣@♣♣
♣♣≈.>≈≈.♣♣
≈...≈...(♣w♣♣
♣♣♣.≈♣♣♣.♣♣
≈.....).≈(F.♣
♣..♣♣♣ ♣♣.♣♣
..§≈..)i≈.≈♣♣
♣♣♣♣ ♣♣.♣
≈≈≈...≈..§♣♣ ♣♣♣
§........♣♣
≈.≈≈♣♣?.≈. ≈.≈.
§.≈..♣ ≈≈≈
≈..≈≈..


You could see a tyrant leech and a goliath frog.

Vanquished Creatures
  Saint Roka (Orc:2)
  A hellephant (D:13)
  Rupert (D:14)
  Jorgrun (D:14)
  A frost giant (IceCv)
  An orc warlord (Orc:2)
  A shambling mangrove (Swamp:1)
  A hell beast (Lair:6)
  2 boulder beetles
  Harold (D:15)
  An anaconda (Lair:4)
  A death knight (D:13)
  2 catoblepae
  10 hydras
  Erica (D:15)
  A centaur warrior (D:14)
  2 dancing weapons (D:14)
  2 hell hogs (D:13)
  6 death yaks
  2 alligators (Swamp:1)
  8 two-headed ogres
  4 orc high priests (Orc:2)
  3 spriggans (Swamp:1)
  A deep elf knight (D:15)
  Sonja (Lair:6)
  A hell knight (D:15)
  An unseen horror (D:14)
  A spriggan druid (Swamp:1)
  A wizard (Lair:6)
  Pikel (D:4)
  2 swamp dragons (Swamp:1)
  4 lindwurms (D:10)
  A phantasmal warrior (D:13)
  10 deep elf magi (Orc:1)
  4 orc knights
  2 ugly things
  An orb spider (Lair:3)
  3 orc sorcerers (Orc:2)
  5 oklob plants
  5 cyclopes
  A manticore (D:14)
  14 elephants
  Joseph (Lair:1)
  8 black mambas
  2 torpor snails
  A gargoyle (D:11)
  4 orange demons (Lair:6)
  An ice statue (IceCv)
  8 cane toads
  Maggie (D:7)
  10 komodo dragons
  2 kobold demonologists
  9 rime drakes
  An ice devil (Lair:6)
  2 freezing wraiths
  A hellwing (Lair:6)
  A queen bee (D:13)
  14 polar bears
  3 meliai
  8 trolls
  3 tyrant leeches (Swamp:1)
  Prince Ribbit (D:5)
  6 hornets
  19 blink frogs
  11 slime creatures
  Grinder (D:5)
  A water elemental (D:14)
  5 wraiths
  68 yaks
  A shadow (D:13)
  3 wyverns
  7 basilisks
  2 steam dragons (Lair:4)
  6 vampire mosquitoes
  7 wargs
  3 swamp worms (Lair:2)
  16 hell hounds
  An acid dragon (D:12)
  18 water moccasins
  2 ice beasts
  46 orc warriors
  3 phantoms
  6 sky beasts
  A black bear (D:13)
  A necrophage (D:13)
  48 wolves
  22 ogres
  6 boggarts (D:15)
  3 centaurs
  4 lemures (D:4)
  2 big kobolds
  24 bullfrogs
  A wyvern zombie (D:13)
  7 water moccasin zombies (Ossuary)
  2 scorpions
  3 wyvern skeletons
  The ghost of harkrass the Covered, a weakling MiFi (D:3)
  26 killer bees
  11 wights
  4 electric eels
  A howler monkey (D:7)
  2 bullfrog zombies (D:13)
  2 centaur zombies
  A gnoll shaman (D:4)
  10 hounds
  A quasit (D:7)
  4 jellies
  5 bullfrog skeletons
  2 centaur skeletons
  19 orc wizards
  24 orc priests
  4 iguanas
  12 worker ants
  3 big kobold zombies (Ossuary)
  A hound zombie (D:7)
  2 hound skeletons
  2 mummies (Ossuary)
  A worker ant zombie (D:8)
  A howler monkey skeleton (D:5)
  13 adders
  17 gnolls
  3 shadow imps
  A white imp (D:8)
  2 ufetubi
  8 oozes (Sewer)
  An adder skeleton (D:8)
  4 adder zombies (Ossuary)
  3 worms
  17 leopard geckos
  143 orcs
  13 ball pythons (Sewer)
  5 bats
  23 giant cockroaches
  4 gnoll zombies (Ossuary)
  8 goblins
  16 hobgoblins
  6 jackals
  17 kobolds
  6 quokkas
  18 frilled lizards
  5 hobgoblin zombies (Ossuary)
  4 kobold zombies (Ossuary)
  2 orc zombies (Ossuary)
  6 rats
1034 creatures vanquished.

Vanquished Creatures (collateral kills)
  A jelly (D:10)
1 creature vanquished.

Vanquished Creatures (others)
  A hell hog (D:13)
  A wizard (D:14)
  An orc (Orc:1)
  37 fungi
  35 plants
75 creatures vanquished.

Grand Total: 1110 creatures vanquished

Notes
Turn   | Place    | Note
-------+----------+-------------------------------------------
     0 | D:1      | Borgoz the Ghoul Gladiator began the quest for the Orb.
     0 | D:1      | Reached XP level 1. HP: 17/17 MP: 0/0
   200 | D:1      | Reached XP level 2. HP: 12/25 MP: 1/1
  1250 | D:2      | Reached XP level 3. HP: 30/30 MP: 2/2
  2175 | D:3      | Reached skill level 1 in Armour
  2175 | D:3      | Reached skill level 4 in Unarmed Combat
  2175 | D:3      | Noticed harkrass's ghost (weakling MiFi)
  2212 | D:3      | Found a glowing drain.
  2249 | Sewer    | Entered a sewer
  2364 | Sewer    | Reached XP level 4. HP: 37/37 MP: 3/3
  2721 | Sewer    | Reached XP level 5. HP: 33/45 MP: 4/4
  3088 | Sewer    | Reached skill level 5 in Unarmed Combat
  3107 | Sewer    | Reached XP level 6. HP: 38/51 MP: 5/5
  3453 | D:3      | Found a runed translucent door.
  3664 | D:3      | You fall into a shaft and drop 1 floor!
  4092 | D:3      | Killed harkrass's ghost
  4206 | D:4      | Reached XP level 7. HP: 26/58 MP: 6/6
  4220 | D:4      | Reached skill level 6 in Unarmed Combat
  4849 | D:4      | Noticed Pikel
  5087 | D:4      | HP: 1/60 [Pikel/+1 whip of freezing (4)]
  5093 | D:4      | Killed Pikel
  5094 | D:4      | Reached skill level 5 in Fighting
  5094 | D:4      | Reached skill level 7 in Unarmed Combat
  5094 | D:4      | Reached XP level 8. HP: 1/68 MP: 7/7
  5469 | D:4      | Found a staircase to the Ecumenical Temple.
  5473 | Temple   | Entered the Ecumenical Temple
  5478 | Temple   | Became a worshipper of Warmaster Okawaru
  5637 | D:5      | Entered Level 5 of the Dungeon
  5748 | D:5      | Reached skill level 5 in Dodging
  5804 | D:5      | Reached skill level 8 in Unarmed Combat
  5900 | D:5      | Noticed Grinder
  5901 | D:5      | Noticed Prince Ribbit
  5912 | D:5      | Killed Prince Ribbit
  5912 | D:5      | Reached * piety under Okawaru
  5913 | D:5      | Reached XP level 9. HP: 41/75 MP: 8/8
  5948 | D:5      | Killed Grinder
  6537 | D:6      | Reached skill level 9 in Unarmed Combat
  6903 | D:6      | Found a sand-covered staircase.
  6908 | Ossuary  | Entered an ossuary
  7062 | Ossuary  | Reached ** piety under Okawaru
  7184 | Ossuary  | Reached skill level 5 in Armour
  7881 | D:6      | Found a sparkling altar of Nemelex Xobeh.
  7979 | D:7      | Reached skill level 10 in Unarmed Combat
  7993 | D:7      | Got warped ice dragon scales
  8004 | D:7      | Identified the +6 ice dragon scales of Shadows and Fog {rF-
                  | rC++ rN++ Str+2 Int-2} (You found it on level 7 of the
                  | Dungeon)
  8188 | D:7      | Reached XP level 10. HP: 84/84 MP: 9/9
  8405 | D:7      | Reached *** piety under Okawaru
  8507 | D:7      | Noticed Maggie
  8519 | D:7      | Killed Maggie
  8862 | D:8      | Found a shadowy altar of Dithmenos.
  9119 | D:8      | Found a shadowy altar of Dithmenos.
  9119 | D:8      | Noticed an oklob plant
  9139 | D:8      | Killed an oklob plant
  9139 | D:8      | Reached **** piety under Okawaru
  9140 | D:8      | Reached skill level 1 in Invocations
  9697 | D:9      | Reached skill level 11 in Unarmed Combat
 10112 | D:9      | Noticed a two-headed ogre
 10121 | D:9      | Killed a two-headed ogre
 10195 | D:10     | Entered Level 10 of the Dungeon
 10211 | D:10     | Identified a scroll of acquirement
 10211 | D:10     | Acquired a manual of Spellcasting
 10240 | D:10     | Found a flagged portal.
 10325 | D:10     | Reached ***** piety under Okawaru
 10358 | Bailey   | Entered a bailey
 10554 | Bailey   | Reached XP level 11. HP: 57/94 MP: 12/12
 10827 | D:10     | Noticed a two-headed ogre
 10833 | D:10     | Killed a two-headed ogre
 11243 | D:10     | Noticed a lindwurm
 11256 | D:10     | Noticed a lindwurm
 11258 | D:10     | Noticed a lindwurm
 11263 | D:10     | Noticed a lindwurm
 11264 | D:10     | Killed a lindwurm
 11267 | D:10     | Killed a lindwurm
 11268 | D:10     | Reached skill level 12 in Unarmed Combat
 11270 | D:10     | Killed a lindwurm
 11271 | D:10     | Killed a lindwurm
 11271 | D:10     | Received a gift from Okawaru
 11859 | D:11     | Reached XP level 12. HP: 105/105 MP: 13/16
 11886 | D:11     | Noticed a boulder beetle
 11914 | D:11     | Noticed a two-headed ogre
 11938 | D:11     | Killed a two-headed ogre
 11955 | D:11     | Killed a boulder beetle
 11971 | D:11     | Found a frozen archway.
 12023 | IceCv    | Entered an ice cave
 12521 | IceCv    | Received a gift from Okawaru
 12558 | IceCv    | Reached skill level 5 in Invocations
 12597 | IceCv    | Reached skill level 10 in Fighting
 12618 | IceCv    | Reached XP level 13. HP: 106/113 MP: 17/17
 12627 | IceCv    | Reached skill level 13 in Unarmed Combat
 12702 | IceCv    | Reached ****** piety under Okawaru
 12857 | IceCv    | Got an ichor-stained plate armour
 12869 | IceCv    | Identified the +5 plate armour "Asyurghe" {+Blink rCorr
                  | Str+4 Dex+2} (You found it in an ice cave)
 13304 | IceCv    | Noticed a frost giant
 13317 | IceCv    | Killed a frost giant
 13355 | IceCv    | Identified the Almanac of Transmigration and Translocation
 13853 | D:11     | Received a gift from Okawaru
 13854 | D:11     | Reached skill level 10 in Dodging
 13854 | D:11     | Reached skill level 14 in Unarmed Combat
 13877 | D:11     | Got a shimmering quarterstaff {god gift}
 13899 | D:11     | Identified the +2 quarterstaff of Chain {elec, Str+4}
                  | (Okawaru gifted it to you on level 11 of the Dungeon)
 13928 | D:11     | Found a staircase to the Orcish Mines.
 14076 | D:11     | Found a staircase to the Lair.
 14766 | D:12     | Received a gift from Okawaru
 14767 | D:12     | Got a smouldering dire flail {god gift}
 14800 | D:11     | Identified the +4 dire flail of Yqonnog {venom, rPois
                  | Int+5} (Okawaru gifted it to you on level 12 of the
                  | Dungeon)
 15256 | D:12     | Reached skill level 10 in Armour
 15369 | D:12     | Found a roughly hewn altar of Beogh.
 15465 | D:12     | Reached XP level 14. HP: 121/124 MP: 18/18
 15695 | D:13     | Received a gift from Okawaru
 15819 | D:13     | Found a huge runed gate.
 15819 | D:13     | Found a huge runed gate.
 15819 | D:13     | Found a huge runed gate.
 15819 | D:13     | Found a huge runed gate.
 15819 | D:13     | Found a huge runed gate.
 15819 | D:13     | Found a huge runed gate.
 15819 | D:13     | Found a huge runed gate.
 15819 | D:13     | Found a huge runed gate.
 15819 | D:13     | Found a huge runed gate.
 15842 | D:13     | Found a huge runed gate.
 15861 | D:13     | Received a gift from Okawaru
 15965 | D:13     | Found a huge runed gate.
 15965 | D:13     | Found a huge runed gate.
 16063 | D:13     | Found a huge runed gate.
 16063 | D:13     | Found a huge runed gate.
 16063 | D:13     | Found a huge runed gate.
 16063 | D:13     | Found a huge runed gate.
 16071 | D:13     | Found a huge runed gate.
 16076 | D:13     | Found a huge runed gate.
 16076 | D:13     | Found a huge runed gate.
 16076 | D:13     | Found a huge runed gate.
 16076 | D:13     | Found a huge runed gate.
 16076 | D:13     | Found a huge runed gate.
 16076 | D:13     | Found a huge runed gate.
 16105 | D:13     | Found a huge runed gate.
 16106 | D:13     | Found a huge runed gate.
 16107 | D:13     | Found a huge runed gate.
 16108 | D:13     | Found a huge runed gate.
 17331 | D:13     | Found a huge runed gate.
 17331 | D:13     | Found a huge runed gate.
 17331 | D:13     | Found a huge runed gate.
 17331 | D:13     | Found a huge runed gate.
 17331 | D:13     | Found a huge runed gate.
 17332 | D:13     | Found a huge runed gate.
 17332 | D:13     | Found a huge runed gate.
 17333 | D:13     | Found a huge runed gate.
 17728 | D:13     | Noticed a hellephant
 18805 | D:13     | Killed a hellephant
 18806 | D:13     | Reached skill level 15 in Unarmed Combat
 19030 | D:13     | Identified a +1 pair of boots of running (You found it on
                  | level 13 of the Dungeon)
 19459 | D:14     | Noticed Jorgrun
 19476 | D:14     | Killed Jorgrun
 19667 | D:14     | Received a gift from Okawaru
 19686 | D:14     | Noticed Rupert
 19696 | D:14     | Received a gift from Okawaru
 19716 | D:14     | Killed Rupert
 20145 | D:14     | Found a gate to the Vaults.
 20203 | D:14     | Reached XP level 15. HP: 129/132 MP: 19/19
 20582 | D:14     | Found a bloodstained altar of Trog.
 20744 | D:15     | Entered Level 15 of the Dungeon
 20843 | D:15     | Noticed Harold
 20860 | D:15     | Noticed Erica
 20865 | D:15     | Killed Harold
 20869 | D:15     | Killed Erica
 21812 | Lair:1   | Entered Level 1 of the Lair of Beasts
 21980 | Lair:1   | Received a gift from Okawaru
 22178 | Lair:1   | Noticed Joseph
 22188 | Lair:1   | Killed Joseph
 22867 | Lair:2   | Found a staircase to the Swamp.
 23140 | Lair:2   | Found the +0 staff of Battle
 23904 | Lair:3   | Found a hole to the Spider Nest.
 24196 | Lair:3   | Learned a level 2 spell: Blink
 24811 | Lair:4   | Received a gift from Okawaru
 25098 | Lair:4   | Acquired the ring of Yghin Fot {*Contam rElec Str+4 Int+5
                  | Dex+6}
 26264 | Lair:5   | Reached XP level 16. HP: 69/141 MP: 20/20
 26728 | Lair:5   | Received a gift from Okawaru
 27506 | Lair:6   | Entered Level 6 of the Lair of Beasts
 27516 | Lair:6   | Found a staircase to the Slime Pits.
 28005 | Lair:6   | Reached skill level 16 in Unarmed Combat
 28009 | Lair:6   | Found a burning altar of Makhleb.
 28061 | Lair:6   | HP: 7/143 [orange demon (10)]
 28075 | Lair:6   | Received a gift from Okawaru
 28689 | Lair:6   | Noticed Sonja
 28738 | Lair:6   | Received a gift from Okawaru
 28742 | Lair:6   | Got a fading executioner's axe {god gift}
 28746 | Lair:6   | Killed Sonja
 28907 | Lair:6   | Identified the +7 executioner's axe of Moubam {distort,
                  | *Drain rElec rC++ Will+} (Okawaru gifted it to you on level
                  | 6 of the Lair of Beasts)
 29259 | Lair:6   | Found a gateway to Hell.
 29536 | Orc:1    | Entered Level 1 of the Orcish Mines
 30452 | Orc:2    | Entered Level 2 of the Orcish Mines
 30996 | Orc:2    | Noticed Saint Roka
 31024 | Orc:2    | HP: 6/144 [Saint Roka/+0 war axe (22)]
 31033 | Orc:2    | Killed Saint Roka
 31033 | Orc:2    | Received a gift from Okawaru
 31354 | Orc:2    | Found a roughly hewn altar of Beogh.
 31509 | Orc:2    | Reached XP level 17. HP: 139/151 MP: 21/21
 31615 | Orc:2    | Found a staircase to the Elven Halls.
 31699 | Orc:2    | Found Laem's Gadget Shoppe.
 31937 | Orc:2    | Found Widaf's Antique Weapon Shop.
 32022 | Orc:2    | Found Vusobb's Magic Scroll Emporium.
 32032 | Orc:2    | Found Jydimap's Magic Scroll Shoppe.
 32074 | Orc:2    | Found a roughly hewn altar of Beogh.
 32494 | Orc:2    | Bought a scroll of teleportation for 39 gold pieces
 32494 | Orc:2    | Bought a scroll of blinking for 97 gold pieces
 32494 | Orc:2    | Bought a scroll of teleportation for 39 gold pieces
 32494 | Orc:2    | Bought a scroll of teleportation for 39 gold pieces
 32633 | Swamp:1  | Entered Level 1 of the Swamp
 32646 | Swamp:1  | Received a gift from Okawaru
 32875 | Swamp:1  | Received a gift from Okawaru
 32882 | Swamp:1  | HP: 7/152 [tyrant leech[a spriggan druid] (16)]
 32886 | Swamp:1  | HP: 1/152 [goliath frog[a spriggan druid] (12)]
 32886 | Swamp:1  | Splashed by a goliath frog's acid

Illustrated notes

Levels and vault maps discovered:
D:1:      co_arrival_square_in_a_square_in_a_square, layout_basic,
          item_on_display_a
D:2:      layout_loops_ring
D:3:      layout_basic, hellmonk_ghost_happy_afterlife, gup_sewer_entry_pipe,
          grunt_ministairs_4
D:4:      layout_rooms, temple_hall_moat, serial_glass, glass_columns_c,
          glass_columns_b, hangedman_decor_points, uniq_pikel
D:5:      layout_basic, uniq_prince_ribbit1, uniq_grinder
D:6:      layout_loops_ring, enter_ossuary_2, nemelex_diamond_rough_becter
D:7:      layout_loops_ring, uniq_maggie
D:8:      layout_cave_pools, kennysheep_mini_moat, lemuel_oklob_altar
D:9:      layout_loops_cross, st_stairs_4, wad_floor_pattern_untrapped
D:10:     layout_stronghold, enter_bailey_5, minmay_lindwurm_lava
D:11:     layout_rooms, lair_entry_dummy, david_orc_3, portal_ice_cave_rime,
          kennysheep_generic_room_3
D:12:     layout_cave_pools, special_room [special_room_orc]
D:13:     layout_basic, special_room [special_room_bee], not_door_vault_due
D:14:     layout_small_grid, erik_vaults_1, serial_bayou_ford_a, trog_wizard,
          uniq_rupert, uniq_jorgrun
D:15:     grunt_enter_depths_hoard, layout_long_grid, minmay_fountain_box,
          sword_in_stone
Temple:   grunt_wide_crystal_templ
Lair:1:   layout_misc_corridors, serial_bayou_shore_b, uniq_joseph
Lair:2:   layout_regular_city, swamp_mist, chequers_serial_rivers_large_a,
          worms_lemuel, grunt_megastairs_4, serial_bayou_shore_b,
          lemuel_fruit_fields, uniq_erica
Lair:3:   layout_regular_city, nicolae_spider_entry_orb_guardian
Lair:4:   nzn_winding_woodlands_three_and_one
          [nzn_winding_woodlands_5x15_river_crossing,
          nzn_winding_woodlands_5x15_zeroes,
          nzn_winding_woodlands_5x15_concentric,
          nzn_winding_woodlands_center_diamonds], layout_gridlike
Lair:5:   layout_cave_pods, grunt_megastairs_1, lemuel_fruit_fields,
          minmay_lair_oklob_chamber
Lair:6:   evil_forest, layout_hall_layers, dpeg_slime_entry_corner,
          minivault_26, uniq_sonja
Swamp:1:  layout_falls_marsh, hangedman_swamp_lotus, uniq_roxanne, uniq_nikola
Orc:1:    layout_caves, elves_outpost_lemuel
Orc:2:    pubby_orc_utopia, uniq_saint_roka

Skill      XL: |  1  2  3  4  5  6  7  8  9 10 11 12 13 14 15 16 17 |
---------------+----------------------------------------------------+-----
Dodging        | 3 4 5 6 7 8 9 10 11 13 14 | 14.5
Armour         | 1 2 3 4 5 6 8 10 11 12 13 14 | 14.2
Unarmed Combat | 4 5 7 8 10 11 12 14 15 16 | 16.6
Fighting       | 3 5 6 8 9 10 11 12 13 14 | 14.0
Invocations    | 3 4 5 |  5.0
Spellcasting   | 3 |  3.9
Throwing       | |  1.7

Action                   |  1- 3 |  4- 6 |  7- 9 | 10-12 | 13-15 | 16-18 || total
-------------------------+-------+-------+-------+-------+-------+-------++-------
Melee: Unarmed           |   159 |   396 |   411 |   458 |  1453 |   828 ||  3705
       Punch             |     2 |     5 |     9 |    36 |   150 |   117 ||   319
Throw: Throwing net      |       |       |     5 |     4 |       |     2 ||    11
Invok: Heroism           |       |       |       |       |     2 |     4 ||     6
       Finesse           |       |       |       |       |     1 |       ||     1
 Abil: Evoke Blink       |       |       |       |       |     1 |       ||     1
Evoke: Wand              |       |       |       |    15 |    40 |     1 ||    56
  Use: Potion            |     1 |     3 |     3 |     3 |    10 |    11 ||    31
       Scroll            |     5 |     1 |     7 |    10 |     9 |     8 ||    40
 Stab: Invisible         |       |     2 |       |       |       |     4 ||     6
       Held in net/web   |       |       |       |     1 |       |       ||     1
       Petrified         |       |       |       |       |       |     8 ||     8
       Petrifying        |       |       |       |       |       |     1 ||     1
Armor: Leather armour    |     3 |       |       |       |       |       ||     3
       Skin              |     3 |       |       |       |       |       ||     3
       Ring mail         |    58 |   199 |   107 |       |       |       ||   364
       Ice dragon scales |       |       |     2 |   229 |    96 |       ||   327
       Plate armour      |       |       |       |       |   868 |   413 ||  1281
Dodge: Dodged            |    83 |   324 |   255 |   375 |  1285 |   893 ||  3215

Table legend: (Time is in decaauts)
 A = Elapsed time spent in this place.
 B = Non-inter-level travel time spent in this place.
 C = Inter-level travel time spent in this place.
 D = Time resting spent in this place.
 E = Time spent auto-exploring this place.
 F = Levels seen in this place.
 G = Mean time per level.
                   A        B        C        D        E       F      G
               +--------+--------+--------+--------+--------+-----+--------+
         Total |  31429 |  30109 |   1320 |   7385 |  16437 |  29 | 1083.8 |
       Dungeon |  18043 |  17435 |    608 |   5184 |   8989 |  15 | 1202.9 |
        Temple |     85 |     73 |     12 |      0 |     68 |   1 |   85.0 |
          Lair |   7108 |   6639 |    469 |   1032 |   4490 |   6 | 1184.7 |
         Swamp |    234 |    234 |      0 |      0 |    161 |   1 |  234.0 |
  Orcish Mines |   2320 |   2090 |    230 |    168 |   1203 |   2 | 1160.0 |
         Sewer |   1202 |   1202 |      0 |    365 |    338 |   1 | 1202.0 |
       Ossuary |    385 |    385 |      0 |      0 |    265 |   1 |  385.0 |
        Bailey |    388 |    388 |      0 |    112 |    145 |   1 |  388.0 |
      Ice Cave |   1661 |   1661 |      0 |    524 |    777 |   1 | 1661.0 |
               +--------+--------+--------+--------+--------+-----+--------+

Top non-repeatable levels by time:
    D:12: 2421 daAuts
    D:13: 2008 daAuts
    D:14: 1815 daAuts
   Orc:2: 1796 daAuts
  Lair:6: 1744 daAuts
   IceCv: 1661 daAuts
  Lair:5: 1622 daAuts
    D:11: 1471 daAuts
     D:3: 1460 daAuts
    D:10: 1237 daAuts
   Sewer: 1202 daAuts
     D:1: 1171 daAuts
  Lair:2: 1094 daAuts
  Lair:4: 1043 daAuts
     D:6: 975 daAuts
